 Dungeon Crawl Stone Soup version 0.30.1-9-gdf580d7c3d (webtiles) character file.

Game seed: 1484751873115439859

1690633 LordWeiramon the Slayer (level 26, 237/237 HPs)
             Began as a Demigod Transmuter on Oct 19, 2023.
             Escaped with the Orb
             ... and 3 runes on Oct 20, 2023!
             The game lasted 04:48:23 (70947 turns).

LordWeiramon the Slayer (Demigod Transmuter)       Turns: 70947, Time: 04:48:23

Health: 237/237    AC: 37    Str: 34    XL:     26   Next: 11%
Magic:  30/30      EV: 42    Int: 15    God:
Gold:   4258       SH: 30    Dex: 42    Spells: 27/28 levels left

rFire   + . .        a - +10 zealot's sword {holy, Zealotry, *Rage rN+ EV+3}
rCold   + . .        o - +0 tower shield
rNeg    + + +        j - +9 ice dragon scales
rPois   +            r - +1 helmet of Bybon {rElec rF++ rC- Slay+3}
rElec   +            d - +1 cloak of Okawaru's Fury {rN+ Str+8}
rCorr   +            c - +2 pair of gloves
SInv    .            X - +2 pair of boots
Will    +++++        T - amulet of the Four Winds {rN+ Will+++ Clar}
Stlth   +            O - ring "Urauklep" {rPois Str+6}
HPRegen 0.59/turn    n - ring "Hush" {rCorr Str+3 Dex+4 Slay+4}
MPRegen 0.22/turn

%: clarity
@: studying Unarmed Combat
A: high MP 1, forlorn, divine attributes, frail 1, weak 1
0: Orb of Zot
}: 3/15 runes: serpentine, barnacled, silver
a: no special abilities


You escaped.
You visited 10 branches of the dungeon, and saw 50 of its levels.
You visited the Abyss 1 time.
You visited 2 bazaars.

You collected 10237 gold pieces.
You spent 5979 gold pieces at shops.

Inventory:

Hand Weapons
 a - the +10 zealot's sword (weapon) {holy, Zealotry, *Rage rN+ EV+3}
   (You took it off a deep elf pyromancer on level 3 of the Elven Halls)

   Zealotry:  Whenever the wielder enters a berserk rage, their allies are
   berserked alongside them.
   EV:        It affects your evasion (+3).
   rN:        It protects you from negative energy.
   *Rage:     It berserks you when you make melee attacks (+20% chance).
Missiles
 B - 11 throwing nets (quivered)
Armour
 c - a +2 pair of gloves (worn)
 d - the +1 cloak of Okawaru's Fury (worn) {rN+ Str+8}
   (You found it on level 3 of the Depths)

   Str:       It affects your strength (+8).
   rN:        It protects you from negative energy.
 j - +9 ice dragon scales (worn)
 o - a +0 tower shield (worn)
 r - the +1 helmet of Bybon (worn) {rElec rF++ rC- Slay+3}
   (You acquired it on level 1 of the Depths)

   Slay:      It affects your accuracy & damage with ranged weapons and melee
   (+3).
   rF:        It greatly protects you from fire.
   rC:        It makes you vulnerable to cold.
   rElec:     It insulates you from electricity.
 X - a +2 pair of boots (worn)
Jewellery
 n - the ring "Hush" (right hand) {rCorr Str+3 Dex+4 Slay+4}
   (You found it on level 1 of the Realm of Zot)

   [ring of slaying]

   Str:       It affects your strength (+3).
   Dex:       It affects your dexterity (+4).
   Slay:      It affects your accuracy & damage with ranged weapons and melee
   (+4).
   rCorr:     It protects you from acid and corrosion.
 E - a ring of flight
 O - the ring "Urauklep" (left hand) {rPois Str+6}
   (You took it off a deep elf high priest on level 3 of the Elven Halls)

   [ring of strength]

   Str:       It affects your strength (+6).
   rPois:     It protects you from poison.
 T - the amulet of the Four Winds (around neck) {rN+ Will+++ Clar}
   (You found it on level 4 of the Lair of Beasts)

   [amulet of nothing]

   rN:        It protects you from negative energy.
   Clar:      It protects you from confusion, rage, mesmerisation and fear.
   Will:      It greatly increases your willpower.
 W - the ring of Geuw {rElec rN+ Will+}
   (You found it on level 3 of the Elven Halls)

   [ring of willpower]

   rElec:     It insulates you from electricity.
   rN:        It protects you from negative energy.
   Will:      It increases your willpower.
 Y - a ring of protection from fire
Wands
 e - a wand of roots (95)
 f - a wand of digging (21)
 y - a wand of charming (38)
 G - a wand of light (27)
 L - a wand of flame (86)
 Z - a wand of mindburst (27)
Scrolls
 h - 16 scrolls of teleportation
 k - 10 scrolls of poison
 l - 5 scrolls of blinking
 m - 15 scrolls of magic mapping
 s - 2 scrolls of fog
 w - 8 scrolls of silence
 x - 4 scrolls of fear
 R - 4 scrolls of summoning
Potions
 b - 5 potions of invisibility
 g - 18 potions of mutation
 i - 9 potions of heal wounds
 p - 11 potions of cancellation
 q - 15 potions of flight
 t - 12 potions of attraction
 v - 23 potions of curing
 z - 9 potions of might
 D - 8 potions of haste
 K - a potion of resistance
 M - 9 potions of berserk rage
 P - 10 potions of ambrosia
Miscellaneous
 u - a box of beasts
 N - a phantom mirror
 V - a lightning rod (4/4)


   Skills:
 + Level 26.4 Fighting
 - Level 22.1 Long Blades
 - Level 6.0 Polearms
 - Level 16.0 Armour
 - Level 20.0 Dodging
 - Level 21.0 Shields
 - Level 2.6 Unarmed Combat
 - Level 1.7 Spellcasting
 - Level 1.7 Transmutations
 - Level 5.0 Evocations


You had 27 spell levels left.
You knew the following spells:

 Your Spells              Type           Power      Damage    Failure   Level
a - Beastly Appendage     Tmut           12%        N/A       26%         1

Your spell library contained the following spells:

 Spells                   Type           Power      Damage    Failure   Level
 Wereblood                Tmut           6%         N/A       36%         2
 Foxfire                  Conj/Fire      4%         2x1d4     47%         1
 Sandblast                Erth           2%         2d4       47%         1
 Slow                     Hex            4%         N/A       47%         1
 Summon Small Mammal      Summ           4%         N/A       47%         1
 Passwall                 Tmut/Erth      2%         N/A       50%         2
 Blink                    Tloc           2%         N/A       63%         2
 Cigotuvi's Dreadful Rot  Necr/Pois/Air  2%         N/A       63%         2
 Ensorcelled Hibernation  Hex/Ice        2%         N/A       63%         2
 Static Discharge         Conj/Air       2%         2-3/arc   63%         2
 Sublimation of Blood     Necr           1%         N/A       63%         2
 Spider Form              Tmut/Pois      3%         N/A       75%         3
 Ignite Poison            Fire/Tmut/Pois 3%         N/A       77%         3
 Call Canine Familiar     Summ           1%         N/A       85%         3
 Confusing Touch          Hex            1%         N/A       85%         3
 Dazzling Flash           Conj/Hex       2%         N/A       85%         3
 Frozen Ramparts          Ice            2%         1d1       85%         3
 Gell's Gravitas          Tloc           1%         N/A       85%         3
 Hailstorm                Conj/Ice       1%         3d3       85%         3
 Inner Flame              Hex/Fire       1%         N/A       85%         3
 Ozocubu's Armour         Ice            1%         N/A       85%         3
 Portal Projectile        Hex/Tloc       2%         N/A       85%         3
 Stone Arrow              Conj/Erth      2%         3d7       85%         3
 Summon Guardian Golem    Hex/Summ       1%         N/A       85%         3
 Teleport Other           Tloc           1%         N/A       85%         3
 Tukima's Dance           Hex            1%         N/A       85%         3
 Vampiric Draining        Necr           1%         2d6       85%         3
 Vhi's Electric Charge    Tloc/Air       2%         N/A       85%         3
 Volatile Blastmotes      Fire/Tloc      2%         2d10      85%         3
 Ice Form                 Ice/Tmut       3%         N/A       98%         4
 Petrify                  Tmut/Erth      3%         N/A       98%         4
 Airstrike                Air            0%         2d(1-17)  99%         4
 Anguish                  Hex/Necr       0%         N/A       99%         4
 Animate Armour           Summ/Erth      2%         N/A       99%         4
 Cause Fear               Hex            0%         N/A       99%         4
 Dispel Undead            Necr           1%         3d6       99%         4
 Flame Wave               Conj/Fire      1%         2d4       99%         4
 Fulminant Prism          Conj/Hex       0%         3d5       99%         4
 Iskenderun's Mystic Bla  Conj/Tloc      1%         2d3       99%         4
 Leda's Liquefaction      Hex/Erth       0%         N/A       99%         4
 Manifold Assault         Tloc           1%         N/A       99%         4
 Passage of Golubria      Tloc           1%         N/A       99%         4
 Sticky Flame             Conj/Fire      1%         2d3       99%         4
 Summon Ice Beast         Ice/Summ       1%         N/A       99%         4
 Summon Lightning Spire   Summ/Air       1%         N/A       99%         4
 Arcjolt                  Conj/Air       0%         1d10      100%        5
 Blade Hands              Tmut           3%         N/A       100%        5
 Fireball                 Conj/Fire      0%         3d3       100%        5
 Freezing Cloud           Conj/Ice/Air   0%         6-21      100%        5
 Irradiate                Conj/Tmut      1%         3d12      100%        5
 Iskenderun's Battlesphe  Conj           1%         2d6       100%        5
 Lee's Rapid Deconstruct  Erth           0%         3d4*      100%        5
 Metabolic Englaciation   Hex/Ice        0%         N/A       100%        5
 Silence                  Hex/Air        0%         N/A       100%        5
 Yara's Violent Unravell  Hex/Tmut       1%         3d3       100%        5
 Conjure Ball Lightning   Conj/Air       0%         3x3d6     100%        6
 Death Channel            Necr           0%         N/A       100%        6
 Dispersal                Tloc           0%         N/A       100%        6
 Iron Shot                Conj/Erth      0%         9d1       100%        6
 Plasma Beam              Fire/Air       0%         2x1d11    100%        6
 Simulacrum               Ice/Necr       0%         N/A       100%        6
 Starburst                Conj/Fire      0%         6d3       100%        6
 Statue Form              Tmut/Erth      2%         N/A       100%        6
 Dragon Form              Tmut           3%         N/A       100%        7
 Enfeeble                 Hex            0%         N/A       100%        7
 Malign Gateway           Summ/Tloc      0%         N/A       100%        7
 Orb of Destruction       Conj           0%         9d5       100%        7
 Ozocubu's Refrigeration  Ice            0%         4d7       100%        7
 Spellforged Servitor     Conj/Summ      0%         N/A       100%        7
 Borgnjor's Revivificati  Necr           0%         N/A       100%        8
 Discord                  Hex            0%         N/A       100%        8
 Disjunction              Tloc           0%         N/A       100%        8
 Lehudib's Crystal Spear  Conj/Erth      0%         10d2      100%        8
 Necromutation            Tmut/Necr      1%         N/A       100%        8
 Summon Horrible Things   Summ           0%         N/A       100%        8
 Chain Lightning          Conj/Air       0%         2d1       100%        9
 Death's Door             Necr           0%         N/A       100%        9
 Fire Storm               Conj/Fire      0%         6d1       100%        9
 Polar Vortex             Ice            0%         N/A       100%        9
 Shatter                  Erth           0%         3d5*      100%        9


Dungeon Overview and Level Annotations

Branches:
Dungeon (15/15)            Temple (0/1) D:7            Lair (5/5) D:8
 Shoals (4/4) Lair:2        Snake (4/4) Lair:2        Slime (0/5) Lair:4
    Orc (2/2) D:11            Elf (3/3) Orc:2        Vaults (5/5) D:13
  Crypt (3/3) Vaults:3       Tomb (0/3) Crypt:3      Depths (4/4) D:15
    Zot (5/5) Depths:4

Shops:
D:1 !   D:5 ?*=   D:7 *   D:9 *   Orc:2 [!*:   Elf:1 ?:(   Shoals:1 (
Snake:2 (   Snake:4 !   Vaults:1 (   Vaults:2 (   Depths:3 [[

Portals:
Hell: Depths:1 Depths:2 Depths:3 Depths:4
Abyss: D:3 Depths:1 Depths:3
Pandemonium: Depths:2
Ziggurat: Depths:1
Trove: D:12 (give 2 scrolls of acquirement)


Innate Abilities, Weirdness & Mutations

You have an increased reservoir of magic. (+10% MP)
You shall have no god before yourself.
Your divine heritage dramatically boosts your attributes as you level up.
You are frail. (-10% HP)
You are weak. (Str -2)


Message History

You climb upwards.
There is a stone staircase leading down here.
(D) Dungeon (T) Temple (L) Lair (A) Shoals (P) Snake Pit (M) Slime Pits (O) Orcish Mines (E) Elven Halls (V) Vaults (C) Crypt (W) Tomb (U) Depths (H) Hell (Z) Zot
Where to? (Enter - D:1 @ (x,y), ? - help)
A Hell Sentinel comes into view.
The Hell Sentinel moves out of view.
There is a stone staircase leading up here.
You climb upwards.
There is a stone staircase leading down here.
(D) Dungeon (T) Temple (L) Lair (A) Shoals (P) Snake Pit (M) Slime Pits (O) Orcish Mines (E) Elven Halls (V) Vaults (C) Crypt (W) Tomb (U) Depths (H) Hell (Z) Zot
Where to? (Enter - D:1 @ (x,y), ? - help)
There is an open door here.
There is an open door here.
There is a stone staircase leading up here.
There is a stone staircase leading up here.
You climb upwards.
There is a stone staircase leading down here.
There is a stone staircase leading up here.
You climb upwards.
There is a stone staircase leading down here.
There is an escape hatch in the ceiling here.
A mysterious force pulls you upwards. The hatch slams shut behind you.
There is an open door here.
There is an escape hatch in the ceiling here.
A mysterious force pulls you upwards. The hatch slams shut behind you.
There is a large open door here.
There is a large open door here.
There is a large open door here.
There is a large open door here.
There is a large open door here.
There is a large open door here.
There is an open door here.
There is a staircase leading out of the dungeon here.
You have escaped!

#####.# #...''..''...♣8♣...''.
...##.# ###≈###.##...~♣~...##.
...##.# #≈#~#.8#.........#8.
...##.# #≈♣♣8.#♣~.......~♣#.
#####.########≈#~#.##♣♣.....♣♣##.
#####.##......≈###'######'######'
#...........).≈#8...8##8#'#8##8..
'.............≈#.....'.......'...
#......)......≈#@...8####8####8..
########......≈#######≈#~♣~#≈####
#......≈≈≈≈≈≈≈≈≈#####≈≈≈≈≈
#.####.#########...)# ### #.#
#.###.......##.###### #.#
#..##.##.........)..) #.#
#..##.##.#.....#####. #.#
#........+.....# ##. ########.#
##(##.##.#.....# #..


There were no monsters in sight!

Vanquished Creatures
  4 dread liches (Zot:5)
  2 ancient liches (Zot:5)
  3 orbs of fire (Zot:5)
  Mennas (Vaults:4)
  Mara (Vaults:4)
  2 juggernauts (Depths:3)
  Josephina (Zot:3)
  Vv (Zot:3)
  Sojobo (Vaults:5)
  3 Killer Klowns (Zot:5)
  Vashnia (Snake:4)
  Xtahua (Depths:3)
  4 curse toes
  14 golden dragons
  A profane servitor (D:9)
  Nikola (Vaults:1)
  the Enchantress (Depths:2)
  3 electric golems
  A bone dragon (Crypt:3)
  The ghost of Cuhe the Stormcaller, an adept MeEE of Ashenzari (Zot:1)
  2 doom hounds (Depths:3)
  16 tentacled monstrosities
  Grunn (Depths:3)
  27 Orb Guardians
  A walking earthen tome (Depths:4)
  A lich (Crypt:3)
  The ghost of Esekla the Sorcerer, an adept DEWn of Vehumet (Vaults:3)
  8 quicksilver dragons
  11 titans
  2 deep elf blademasters (Elf:3)
  4 deep elf master archers (Elf:3)
  8 ancient champions
  7 sphinxes
  Polyphemus (Shoals:2)
  A tentacled starspawn (Abyss:1)
  Kirke (Lair:3)
  3 thorn hunters (Depths:2)
  9 death cobs
  6 shadow dragons
  6 tengu reavers
  6 draconian monks
  14 storm dragons
  3 revenants (Crypt:3)
  14 fire giants
  Ilsuiw (Shoals:2)
  A fenstrider witch (shapeshifter) (Depths:2)
  A fire giant (shapeshifter) (Elf:1)
  3 draconian knights
  7 nagarajas
  9 vault wardens
  Aizul (Depths:2)
  7 draconian scorchers
  4 orc warlords
  2 angels (Depths:1)
  4 ghost moths
  13 frost giants
  4 draconian shifters
  4 iron dragons
  A deep elf elementalist (Elf:3)
  A balrug (Depths:4)
  8 ghouls
  9 deep elf sorcerers
  A draconian stormcaller (Zot:3)
  2 curse skulls
  The ghost of Sain the Destroyer, a journeyman DgCj (D:14)
  27 very ugly things
  A spriggan defender (Depths:2)
  18 ironbound preservers
  2 draconian annihilators
  A war gargoyle (Vaults:5)
  A broodmother (shapeshifter) (Vaults:5)
  A reaper (Crypt:2)
  16 stone giants
  13 green draconians
  8 vampire knights
  10 ironbound thunderhulks
  Nessos (Lair:3)
  5 deep elf demonologists
  3 black draconians
  15 deep elf annihilators
  3 spark wasps
  12 yellow draconians
  The ghost of Viydgh the Carver, a journeyman FoNe of Sif Muna (D:14)
  14 dire elephants
  9 red draconians
  A bunyip (shapeshifter) (Vaults:5)
  7 purple draconians
  A lorocyproca (D:11)
  5 white draconians
  4 eidola
  A blizzard demon (Depths:4)
  12 fire dragons
  11 deep elf death magi
  A crystal guardian (Vaults:3)
  15 ettins
  An acid blob zombie (Crypt:1)
  A merfolk javelineer (Depths:1)
  Snorg (Lair:4)
  11 merfolk impalers
  9 jiangshi
  13 yaktaur captains
  11 deep elf high priests
  2 entropy weavers
  A spriggan zombie (Crypt:3)
  Fannar (D:11)
  6 ice dragons
  37 vault guards
  4 great orbs of eyes
  2 rakshasas
  2 spriggan air magi (Depths:3)
  2 peacekeepers
  3 hydras
  5 centaur warriors
  A hell beast (Depths:4)
  2 catoblepae
  A salamander tyrant (Snake:4)
  An ogre mage (D:15)
  A spriggan skeleton (Crypt:3)
  2 merfolk avatars (Shoals:2)
  Harold (D:9)
  5 deep troll shamans
  3 ironbound frosthearts
  5 death knights
  2 merfolk aquamancers (Shoals:4)
  28 dancing weapons
  4 boulder beetles
  12 two-headed ogres
  12 anacondas
  12 death yaks
  An alligator snapping turtle (Shoals:4)
  16 naga warriors
  4 satyrs
  An Orb Guardian skeleton (Crypt:2)
  7 vampire magi
  A titan zombie (Crypt:1)
  7 orc high priests (Orc:2)
  2 soul eaters (Crypt:2)
  5 tengu warriors
  10 deep troll earth magi
  6 spriggan berserkers
  5 shock serpents
  A thrashing horror (Abyss:1)
  15 deep elf knights
  21 naga sharpshooters
  4 large abominations (Depths:3)
  A fire crab (Lair:3)
  5 hell knights
  The ghost of kaesle the Chopper, a novice HOFi of Yredelemnul (D:6)
  Amaemon (Lair:3)
  6 skysharks
  8 iron trolls
  3 shadow wraiths
  4 salamander mystics (Snake:4)
  23 skeletal warriors
  8 naga ritualists
  A quicksilver dragon simulacrum (Zot:3)
  4 flayed ghosts
  A ghost moth zombie (Crypt:1)
  3 deep trolls (shapeshifter)
  A bunyip zombie (Crypt:2)
  A spark wasp zombie (Depths:1)
  60 deep trolls
  8 sea snakes
  2 orange crystal statues
  2 obsidian statues
  15 phantasmal warriors
  A spriggan simulacrum (Crypt:2)
  9 wizards
  14 deep elf archers
  9 orc knights
  12 ironbound convokers
  A tengu zombie (Vaults:3)
  4 glowing orange brains
  A lindwurm (shapeshifter) (Vaults:5)
  6 lindwurms (Vaults:1)
  An iron dragon zombie (Depths:1)
  23 deep elf zephyrmancers
  8 harpies
  A sphinx zombie (Crypt:3)
  12 cyclopes
  26 deep elf pyromancers
  4 necromancers
  3 wolf spiders
  23 ugly things
  A worldbinder (Abyss:1)
  2 orc sorcerers
  5 salamanders
  20 fauns
  A salamander (shapeshifter) (Depths:3)
  12 elephants
  10 mana vipers
  A toenail golem (D:3)
  Maurice (D:9)
  An iron dragon skeleton (Crypt:2)
  A water nymph (shapeshifter) (Vaults:5)
  7 merfolk sirens
  28 moths of wrath
  An eleionoma skeleton (Crypt:3)
  12 manticores
  3 guardian serpents
  39 black mambas
  10 water nymphs
  A naga zombie (Crypt:3)
  Joseph (D:7)
  A shock serpent zombie (Crypt:1)
  14 naga magi
  14 vault sentinels
  19 cane toads
  2 smoke demons
  A dire elephant zombie (Crypt:3)
  2 orange demons
  3 gargoyles
  3 kobold demonologists
  Maggie (D:6)
  4 efreet (Zot:4)
  9 komodo dragons
  A grey draconian zombie (Crypt:3)
  A cane toad (shapeshifter) (Elf:1)
  6 unseen horrors
  3 dire elephant skeletons
  3 freezing wraiths
  A golden dragon simulacrum (Zot:3)
  12 yaktaurs
  A human skeleton (Vaults:3)
  2 rime drakes
  A guardian mummy (Crypt:3)
  A red devil (D:11)
  5 tengu conjurers
  A harpy zombie (Crypt:3)
  A black draconian skeleton (Crypt:3)
  21 merfolk
  A troll (shapeshifter) (D:15)
  3 death yak skeletons
  3 ancient zymes (Abyss:1)
  3 meliai (D:15)
  2 hornets (Lair:5)
  A shadow dragon simulacrum (Zot:3)
  8 trolls
  6 wind drakes
  17 blink frogs
  Prince Ribbit (D:6)
  A hydra skeleton (Crypt:2)
  An ettin zombie (Crypt:2)
  2 harpy skeletons
  Grinder (D:6)
  5 snapping turtles
  A human simulacrum (Vaults:3)
  10 dream sheep
  12 air elementals
  A black mamba zombie (Crypt:3)
  50 yaks
  A shadow (D:12)
  5 wraiths
  45 slime creatures
  36 water elementals
  A fire dragon skeleton (Crypt:2)
  4 vampires
  4 basilisks
  An ice dragon skeleton (Crypt:3)
  A hog (shapeshifter) (Vaults:5)
  A yak (shapeshifter) (D:15)
  9 wyverns
  5 starcursed masses (Abyss:1)
  2 fire elementals
  7 hogs
  Eustachio (D:5)
  6 small abominations
  5 chaos spawn
  Menkaure (D:5)
  A yellow draconian simulacrum (Zot:3)
  10 vampire mosquitoes
  6 wargs (Orc:2)
  Edmund (D:5)
  55 nagas
  17 water moccasins
  3 acid dragons
  A floating eye (Depths:3)
  A glowing shapeshifter skeleton (Depths:1)
  A demonspawn skeleton (Crypt:1)
  2 ice beasts (D:6)
  6 black bears
  A sky beast (D:7)
  17 orc warriors
  A snapping turtle zombie (Crypt:2)
  A lindwurm zombie (Crypt:1)
  12 ogres
  7 centaurs
  A manticore skeleton (Crypt:2)
  The ghost of KittyFluff the Cudgeller, an amateur GrBe of Trog (D:3)
  9 kobold brigands
  3 gnoll sergeants
  12 bullfrogs
  2 necrophages
  A scorpion (D:6)
  3 earth elementals
  A tengu simulacrum (Depths:1)
  A naga simulacrum (Crypt:3)
  11 wights
  A yaktaur skeleton (Crypt:1)
  A shapeshifter zombie (Crypt:1)
  6 killer bees
  A raiju skeleton (Crypt:1)
  3 howler monkeys
  An electric eel (Lair:5)
  4 crimson imps (Depths:1)
  A centaur skeleton (Crypt:2)
  36 orc priests
  A bullfrog skeleton (Crypt:3)
  4 jellies
  Crazy Yiuf (D:5)
  4 hounds (D:5)
  4 hell rats (Lair:4)
  3 iguanas
  2 sleepcaps
  19 orc wizards
  Ijyb (D:3)
  A sky beast zombie (Crypt:2)
  An ogre skeleton (Crypt:3)
  12 mummies (Crypt:3)
  Robin (D:3)
  18 gnolls
  6 adders
  3 shadow imps
  2 white imps
  7 dart slugs
  80 orcs
  2 ball pythons (D:1)
  7 endoplasms
  A giant cockroach (D:3)
  18 goblins
  7 hobgoblins
  3 jackals (D:5)
  51 kobolds
  4 quokkas
  2 bats (D:1)
  A jackal zombie (Crypt:1)
  2 rats
2193 creatures vanquished.

Vanquished Creatures (collateral kills)
  Mlioglotl (Shoals:4)
  Frances (Elf:1)
  4 hydras
  2 deep elf knights (Elf:2)
  An orc knight (Vaults:4)
  2 deep elf zephyrmancers (Elf:2)
11 creatures vanquished.

Vanquished Creatures (others)
  A draconian knight (Zot:4)
  A draconian shifter (Zot:1)
  A red draconian (Zot:1)
  A deep elf knight (Elf:1)
  4 moths of wrath
  A vault sentinel (Vaults:4)
  A golden dragon simulacrum (Zot:3)
  An orc wizard (Orc:1)
  2 orcs (Vaults:5)
  3 starspawn tentacles (Abyss:1)
16 creatures vanquished.

Grand Total: 2220 creatures vanquished

Notes
Turn   | Place    | Note
-------+----------+-------------------------------------------
     0 | D:1      | LordWeiramon the Demigod Transmuter began the quest for the
                  | Orb.
     0 | D:1      | Reached XP level 1. HP: 15/15 MP: 5/5
   198 | D:1      | Reached skill level 1 in Polearms
   283 | D:1      | Found Jyowodu's Distillery.
   346 | D:1      | Reached XP level 2. HP: 22/22 MP: 5/7
  1036 | D:2      | Reached XP level 3. HP: 23/27 MP: 8/8
  1553 | D:2      | You fall into a shaft and drop 1 floor!
  1827 | D:3      | Reached skill level 1 in Fighting
  1933 | D:3      | Noticed Ijyb
  1942 | D:3      | Killed Ijyb
  2022 | D:3      | Found a transporter.
  2086 | D:3      | Noticed a toenail golem
  2092 | D:3      | Found a one-way gate to the infinite horrors of the Abyss.
  2092 | D:3      | Noticed KittyFluff's ghost (amateur GrBe)
  2107 | D:3      | Noticed a small abomination
  2130 | D:3      | Reached XP level 4. HP: 31/35 MP: 6/9
  2149 | D:3      | Found a transporter.
  2624 | D:1      | Bought a potion of invisibility for 112 gold pieces
  2987 | D:4      | Noticed Robin
  3145 | D:3      | Killed Robin
  3146 | D:3      | Reached XP level 5. HP: 38/40 MP: 7/10
  3593 | D:5      | Entered Level 5 of the Dungeon
  3593 | D:5      | Noticed Eustachio
  3660 | D:5      | Reached skill level 5 in Polearms
  3732 | D:5      | Noticed an ogre
  3745 | D:5      | Killed an ogre
  3746 | D:5      | Reached XP level 6. HP: 19/47 MP: 11/11
  3892 | D:5      | Found Wyalal's Magic Scroll Shop.
  3900 | D:5      | Bought a scroll of fear for 44 gold pieces
  4003 | D:5      | Found Plog's General Store.
  4038 | D:5      | Reached skill level 2 in Fighting
  4184 | D:5      | Noticed Edmund
  4343 | D:5      | Killed Edmund
  4344 | D:5      | Reached skill level 3 in Fighting
  4442 | D:5      | Noticed Menkaure
  4541 | D:5      | Reached skill level 1 in Armour
  4564 | D:5      | Found the +8 demon blade "Leech" {evervamp, Harm Drain rN+}
  4570 | D:5      | Found Gumyimi's Jewellery Emporium.
  4673 | D:5      | Found a runed translucent door.
  4674 | D:5      | Noticed Crazy Yiuf
  4765 | D:6      | Reached skill level 1 in Long Blades
  4765 | D:6      | Reached XP level 7. HP: 48/57 MP: 12/12
  4845 | D:6      | Noticed Grinder
  4905 | D:5      | Killed Eustachio
  5143 | D:6      | Reached skill level 5 in Long Blades
  5247 | D:6      | Reached XP level 8. HP: 63/63 MP: 13/13
  5431 | D:6      | Noticed Maggie
  5604 | D:6      | Killed Grinder
  6059 | D:7      | Found a staircase to the Ecumenical Temple.
  6557 | D:7      | Reached XP level 9. HP: 69/69 MP: 14/14
  6665 | D:7      | Noticed Joseph
  6682 | D:7      | Killed Joseph
  6862 | D:7      | Found Uwetush's Assorted Antiques.
  6865 | D:7      | Bought a brass wand for 136 gold pieces
  6896 | D:7      | Reached skill level 10 in Long Blades
  7474 | D:8      | Identified the +1 flail of the Devouring Asp {spect, rN+
                  | Dex+2}
  7505 | D:8      | Noticed a death yak
  7539 | D:8      | Killed a death yak
  7540 | D:8      | Reached skill level 5 in Dodging
  7580 | D:8      | Found a staircase to the Lair.
  7580 | D:8      | Noticed a death yak
  7625 | D:7      | Reached skill level 4 in Fighting
  7648 | D:8      | Noticed a death yak
  8008 | D:8      | Reached skill level 5 in Fighting
  8157 | D:8      | Reached XP level 10. HP: 79/81 MP: 15/15
  8689 | D:6      | Killed Maggie
  8744 | D:6      | Found a runed translucent gate.
  8744 | D:6      | Found a runed translucent gate.
  8746 | D:6      | Found a runed translucent gate.
  8754 | D:6      | Noticed kaesle's ghost (novice HOFi)
  8781 | D:6      | Noticed Prince Ribbit
  8805 | D:6      | Killed Prince Ribbit
  9088 | D:7      | Killed a death yak
  9089 | D:7      | Reached skill level 5 in Armour
  9267 | D:9      | Noticed Maurice
  9275 | D:9      | Killed Maurice
  9408 | D:9      | Noticed Harold
  9421 | D:9      | Killed Harold
  9453 | D:9      | Found Racu Amago's Demolitions Depot.
  9583 | D:9      | Reached skill level 1 in Shields
  9911 | D:9      | Reached XP level 11. HP: 86/86 MP: 17/17
 10160 | D:7      | Bought a gold wand for 136 gold pieces
 10214 | D:10     | Entered Level 10 of the Dungeon
 10378 | D:9      | Reached skill level 5 in Shields
 10694 | D:10     | Noticed a two-headed ogre
 10705 | D:10     | Killed a two-headed ogre
 10997 | D:10     | Identified the +3 scale mail "Ojoymy" {Int+3 Dex+3}
 11390 | D:11     | Found a staircase to the Orcish Mines.
 11394 | D:11     | Noticed Fannar
 11574 | D:11     | Noticed a two-headed ogre
 11580 | D:11     | Killed a two-headed ogre
 12059 | D:5      | Killed Menkaure
 12175 | D:5      | Killed Crazy Yiuf
 12271 | Lair:1   | Entered Level 1 of the Lair of Beasts
 12333 | D:7      | Bought a scroll labelled DOJOGA TEINN for 34 gold pieces
 12467 | Lair:1   | Reached skill level 1 in Evocations
 12909 | Lair:1   | Identified the +1 leather armour of the Equinox {rElec
                  | Int+3}
 13079 | Lair:2   | Reached skill level 5 in Evocations
 13251 | Lair:2   | Found a staircase to the Shoals.
 13270 | Lair:2   | Reached XP level 12. HP: 94/94 MP: 18/18
 14505 | Lair:2   | Found a staircase to the Snake Pit.
 15365 | Lair:3   | Noticed a four-headed hydra
 15384 | Lair:3   | Noticed Kirke
 15647 | Lair:3   | Killed Kirke
 15798 | Lair:3   | Reached skill level 10 in Shields
 16093 | Lair:3   | Noticed Amaemon
 16176 | Lair:3   | Killed Amaemon
 16177 | Lair:3   | Reached XP level 13. HP: 99/100 MP: 19/19
 16304 | Lair:3   | Noticed Nessos
 16332 | Lair:3   | Killed Nessos
 16597 | Lair:4   | Found a staircase to the Slime Pits.
 16926 | Lair:4   | Noticed Snorg
 16938 | Lair:4   | Killed Snorg
 17354 | Lair:4   | Found the amulet of the Four Winds {rN+ Will+++ Clar}
 17603 | Lair:5   | Entered Level 5 of the Lair of Beasts
 17879 | Lair:5   | Reached skill level 10 in Dodging
 17974 | Lair:5   | Reached skill level 6 in Fighting
 18262 | Lair:5   | Reached skill level 7 in Fighting
 18378 | Lair:5   | Reached skill level 8 in Fighting
 18648 | Lair:5   | Reached skill level 9 in Fighting
 18648 | Lair:5   | Reached XP level 14. HP: 118/118 MP: 20/20
 19166 | D:11     | Killed Fannar
 19338 | D:6      | Killed kaesle's ghost
 19496 | D:3      | Killed KittyFluff's ghost
 19540 | Abyss:1  | Cast into level 1 of the Abyss (gnoll)
 19599 | Abyss:1  | Noticed a bone dragon
 19711 | Abyss:1  | Noticed a tentacled starspawn
 19713 | Abyss:1  | Reached skill level 10 in Fighting
 19723 | Abyss:1  | Killed a tentacled starspawn
 19927 | D:3      | Escaped the Abyss
 20908 | D:12     | Found a portal to a secret trove of treasure.
 21487 | D:13     | Found a gate to the Vaults.
 21967 | D:14     | Noticed Sain's ghost (journeyman DgCj)
 21990 | D:14     | Reached skill level 10 in Armour
 22107 | D:14     | Found a transporter.
 22107 | D:14     | Found a transporter.
 22128 | D:14     | Noticed Viydgh's ghost (journeyman FoNe)
 22312 | D:14     | Identified the +10 short sword "Spiderbane" {heavy, Will+}
 22417 | D:14     | Identified the +2 broad axe "Cyje" {vamp, *Corrode rF+
                  | Dex+2}
 22545 | D:15     | Entered Level 15 of the Dungeon
 23240 | D:15     | Reached XP level 15. HP: 45/126 MP: 21/21
 23518 | D:15     | Found a staircase to the Depths.
 23676 | Orc:1    | Entered Level 1 of the Orcish Mines
 23960 | Orc:2    | Entered Level 2 of the Orcish Mines
 24261 | Orc:2    | Found a staircase to the Elven Halls.
 24401 | Orc:2    | Found Ycziho's Armour Shoppe.
 24401 | Orc:2    | Found Mumm's Distillery.
 24416 | Orc:2    | Bought a potion of haste for 180 gold pieces
 24416 | Orc:2    | Bought a potion of mutation for 144 gold pieces
 24416 | Orc:2    | Bought a potion of haste for 180 gold pieces
 24416 | Orc:2    | Bought a potion of ambrosia for 144 gold pieces
 24416 | Orc:2    | Bought a potion of attraction for 54 gold pieces
 24431 | Orc:2    | Bought a +2 pair of boots for 231 gold pieces
 24498 | Orc:2    | Found Ujapt's General Store.
 24498 | Orc:2    | Found Unlimyif's Book Boutique.
 24601 | Orc:2    | Bought a lightning rod (4/4) for 480 gold pieces
 24601 | Orc:2    | Bought a scroll of silence for 152 gold pieces
 25318 | D:5      | Bought a ring of protection from fire for 300 gold pieces
 25423 | Snake:1  | Entered Level 1 of the Snake Pit
 25853 | Snake:1  | You fall into a shaft and drop 1 floor!
 25859 | Snake:2  | Noticed a nagaraja
 25894 | Snake:2  | Killed a nagaraja
 26325 | Snake:2  | Found Puamempyrgh's Antique Weapon Boutique.
 26864 | Snake:2  | Reached skill level 15 in Dodging
 27401 | Snake:3  | Reached skill level 11 in Fighting
 27563 | Snake:3  | Noticed a nagaraja
 27578 | Snake:3  | Killed a nagaraja
 27579 | Snake:3  | Reached XP level 16. HP: 137/137 MP: 22/22
 28009 | Snake:4  | Entered Level 4 of the Snake Pit
 28141 | Snake:4  | Reached skill level 12 in Fighting
 28308 | Snake:4  | Found Empyol's Distillery.
 28477 | Snake:4  | Reached skill level 13 in Fighting
 29056 | Snake:4  | Reached skill level 14 in Fighting
 29214 | Snake:4  | Got a serpentine rune of Zot
 29286 | Snake:4  | Noticed Vashnia
 29956 | Snake:4  | Killed Vashnia
 29977 | Snake:4  | Reached skill level 15 in Fighting
 30185 | Shoals:1 | Entered Level 1 of the Shoals
 30335 | Shoals:1 | Found Lodasket's Antique Weapon Shop.
 31161 | Shoals:2 | Reached XP level 17. HP: 156/156 MP: 23/23
 31917 | Shoals:2 | Noticed Ilsuiw
 31958 | Shoals:2 | Killed Ilsuiw
 31993 | Shoals:2 | Noticed Polyphemus
 32021 | Shoals:2 | Killed Polyphemus
 32864 | Shoals:4 | Entered Level 4 of the Shoals
 32897 | Shoals:4 | Paralysed by an air elemental for 1 turns
 32948 | Shoals:4 | Paralysed by an air elemental for 1 turns
 33556 | Shoals:4 | Paralysed by an air elemental for 1 turns
 33717 | Shoals:4 | Noticed Mlioglotl
 33730 | Shoals:4 | Killed Mlioglotl
 34061 | Shoals:4 | Found the +8 lance "Wyrmbane" {slay drac, rPois rF+ rC+
                  | AC+3}
 34071 | Shoals:4 | Found the +2 Maxwell's thermic engine {flame, freeze, rev}
 34105 | Shoals:4 | Got a barnacled rune of Zot
 34543 | Elf:1    | Entered Level 1 of the Elven Halls
 34668 | Elf:1    | Reached skill level 15 in Shields
 34681 | Elf:1    | HP: 6/156 [rock wall collision (19)]
 34972 | Elf:1    | Found Neulis's Magic Scroll Shoppe.
 35031 | Elf:1    | Noticed Frances
 35052 | Elf:1    | Killed Frances
 35053 | Elf:1    | Reached XP level 18. HP: 163/163 MP: 24/24
 35169 | Elf:1    | Found Qeenguff's Weapon Shoppe.
 35169 | Elf:1    | Found Boang's Book Shoppe.
 35206 | Elf:1    | Found a gateway to a bazaar.
 36548 | Elf:2    | Found a runed translucent gate.
 36549 | Elf:2    | Found a runed translucent gate.
 36549 | Elf:2    | Found a runed translucent gate.
 37712 | Elf:3    | Entered Level 3 of the Elven Halls
 38066 | Elf:3    | Identified the +5 scimitar of Woe {freeze, rF+}
 38751 | Elf:3    | Reached skill level 15 in Long Blades
 38928 | Elf:3    | Identified the +2 leather armour of Responsibility {rN+
                  | rCorr}
 38928 | Elf:3    | Identified the ring "Urauklep" {rPois Str+6}
 39482 | Elf:3    | Identified the +4 sling of the Valley of Death {freeze,
                  | Int+3}
 39740 | Elf:3    | Found the +8 demon trident "Rift" {distort, reach+}
 39752 | Elf:3    | Identified the +0 ring mail "Haonneah" {Rampage rC- rN+
                  | rCorr}
 39802 | Elf:3    | Identified the ring of Geuw {rElec rN+ Will+}
 39808 | Elf:3    | Identified the +6 glaive "Retes" {vamp, rC+}
 39809 | Elf:3    | Identified the staff of poison "Zynuil" {rPois Will+ Str+3
                  | Dex+2}
 39816 | Elf:3    | Identified the +0 scale mail of Reapret {-Tele Dex+2
                  | Stlth+}
 39822 | Elf:3    | Identified the ring "Koqanybb" {rPois rN+ Will+ Dex-4
                  | Slay+3}
 40090 | Vaults:1 | Entered Level 1 of the Vaults
 40263 | Vaults:1 | Identified a scroll of acquirement
 40369 | Vaults:1 | Reached XP level 19. HP: 145/147 MP: 25/25
 40378 | Vaults:1 | Noticed Nikola
 40404 | Vaults:1 | Killed Nikola
 41302 | Vaults:1 | Found Bungaqa's Antique Weapon Shoppe.
 41428 | Vaults:1 | Identified the +1 glaive "Arade" {speed, rN+ Str-2 Stlth+}
 41779 | Vaults:2 | Reached skill level 15 in Armour
 41821 | Vaults:2 | Found Hevi's Weapon Shoppe.
 43365 | Vaults:3 | Found a runed translucent gate.
 43365 | Vaults:3 | Found a runed translucent gate.
 43365 | Vaults:3 | Found a runed translucent gate.
 43366 | Vaults:3 | Noticed Esekla's ghost (adept DEWn)
 44469 | Vaults:3 | Found a staircase to the Crypt.
 44837 | Vaults:3 | Reached XP level 20. HP: 178/178 MP: 26/26
 45286 | Vaults:4 | Noticed Mara
 45391 | Vaults:4 | Killed Mara
 45650 | Vaults:4 | Noticed Mennas
 45669 | Vaults:4 | Killed Mennas
 45848 | Vaults:4 | Identified the +2 scimitar of Anxiety {distort, Str+6}
 46631 | Vaults:4 | Reached skill level 16 in Fighting
 46729 | Vaults:4 | Found the +27 heavy crossbow "Sniper" {heavy, Acc+∞ SInv}
 46743 | Vaults:4 | Identified the +5 arbalest of the Mouth {freeze, rElec rC++
                  | Dex-3 Stlth+}
 46893 | Crypt:1  | Entered Level 1 of the Crypt
 47845 | Snake:4  | Bought 2 potions of heal wounds for 150 gold pieces
 47845 | Snake:4  | Bought a potion of haste for 150 gold pieces
 47845 | Snake:4  | Bought a potion of haste for 150 gold pieces
 47845 | Snake:4  | Bought a potion of heal wounds for 75 gold pieces
 48077 | D:1      | Bought a potion of curing for 42 gold pieces
 48077 | D:1      | Bought a potion of curing for 42 gold pieces
 48077 | D:1      | Bought a potion of mutation for 112 gold pieces
 48077 | D:1      | Bought a potion of haste for 140 gold pieces
 48077 | D:1      | Bought a potion of haste for 140 gold pieces
 48077 | D:1      | Bought a potion of cancellation for 112 gold pieces
 48203 | D:5      | Bought a scroll of summoning for 104 gold pieces
 48233 | D:5      | Bought a scroll of silence for 104 gold pieces
 48781 | Crypt:2  | Reached skill level 17 in Fighting
 48875 | Crypt:2  | Identified the +1 ring mail of Indecent Exposure {Will+
                  | Int+4}
 49252 | Crypt:3  | Entered Level 3 of the Crypt
 49484 | Crypt:3  | Reached skill level 18 in Fighting
 49883 | Crypt:3  | Reached skill level 19 in Fighting
 50086 | Crypt:3  | Reached XP level 21. HP: 198/198 MP: 28/28
 50167 | Crypt:3  | Found a staircase to the Tomb.
 50334 | Crypt:3  | Reached skill level 20 in Fighting
 50494 | Crypt:3  | Noticed a curse toe
 50516 | Crypt:3  | Killed a curse toe
 50766 | Crypt:3  | Identified the +4 great sword of Abomination {flame, rC+++
                  | rN+ Str+2 Int-4}
 50983 | Vaults:3 | Killed Esekla's ghost
 51053 | Vaults:3 | Acquired a manual of Shields
 51269 | D:14     | Killed Sain's ghost
 51274 | D:14     | Killed Viydgh's ghost
 51275 | D:14     | Reached skill level 21 in Fighting
 51611 | Bazaar   | Entered a bazaar
 51627 | Bazaar   | Found Nocivukk's Armour Emporium.
 51628 | Bazaar   | Found Ujub Zomm's Weapon Emporium.
 51671 | Bazaar   | Found Tont's General Store.
 51671 | Bazaar   | Found Erramyn's General Store.
 51693 | Bazaar   | Bought a potion of mutation for 144 gold pieces
 51705 | Bazaar   | Bought a potion of heal wounds for 45 gold pieces
 51705 | Bazaar   | Bought a scroll of enchant armour for 67 gold pieces
 51705 | Bazaar   | Bought a potion of haste for 90 gold pieces
 51705 | Bazaar   | Bought a potion of curing for 27 gold pieces
 51705 | Bazaar   | Bought a wand of roots (4) for 86 gold pieces
 51958 | Depths:1 | Entered Level 1 of the Depths
 52743 | Depths:1 | Found a one-way gateway to a ziggurat.
 52755 | Depths:1 | Noticed a golden dragon
 52772 | Depths:1 | Killed a golden dragon
 53113 | Depths:1 | Found a gateway to Hell.
 53515 | Depths:1 | Acquired the +1 helmet of Bybon {rElec rF++ rC- Slay+3}
 54500 | Depths:2 | Noticed Aizul
 54510 | Depths:2 | Killed Aizul
 55093 | Depths:2 | Found a one-way gate leading to the halls of Pandemonium.
 55373 | Depths:2 | Noticed the Enchantress
 55404 | Depths:2 | Killed the Enchantress
 55532 | Depths:2 | Identified the +0 broad axe of Ignis's Envy {freeze, rC+
                  | Str+3}
 55902 | Depths:3 | Found Qiqih's Antique Armour Shoppe.
 55911 | Depths:3 | Found a flickering gateway to a bazaar.
 55935 | Depths:3 | Noticed Xtahua
 56029 | Depths:3 | Killed Xtahua
 56105 | Bazaar   | Entered a bazaar
 56154 | Bazaar   | Found Yqykkem's Jewellery Emporium.
 56154 | Bazaar   | Found Geipelup's Assorted Antiques.
 56155 | Bazaar   | Found Uczerip's Antique Armour Boutique.
 56186 | Bazaar   | Found Jenki's Antique Weapon Shop.
 56205 | Bazaar   | Bought a pair of glowing gloves for 217 gold pieces
 56205 | Bazaar   | Bought a potion of cancellation for 232 gold pieces
 56393 | Depths:3 | Noticed a juggernaut
 56419 | Depths:3 | Killed a juggernaut
 56715 | Depths:2 | Reached XP level 22. HP: 208/213 MP: 29/29
 57229 | D:5      | Bought a scroll of enchant armour for 82 gold pieces
 57229 | D:5      | Bought a scroll of enchant armour for 82 gold pieces
 57418 | Elf:1    | Bought a scroll of enchant armour for 112 gold pieces
 57945 | Depths:3 | Noticed a juggernaut
 57962 | Depths:3 | Killed a juggernaut
 58120 | Depths:3 | Identified the +1 cloak of Okawaru's Fury {rN+ Str+8}
 58249 | Depths:3 | Identified the +7 falchion "Qearao" {flame, Will++ rCorr
                  | Dex-2 Stlth+}
 58279 | Depths:3 | Noticed Grunn
 58291 | Depths:3 | Killed Grunn
 58379 | Depths:3 | Found Cohaomysmu's Armour Shop.
 58525 | Depths:4 | Entered Level 4 of the Depths
 59098 | Depths:4 | Identified the +10 hand axe of Yblibov {antimagic, rPois
                  | rC+ Str-4}
 59695 | Depths:4 | Found a gate to the Realm of Zot.
 60120 | Vaults:5 | Entered Level 5 of the Vaults
 60444 | Vaults:5 | Noticed Sojobo
 60838 | Vaults:5 | Killed Sojobo
 60839 | Vaults:5 | Reached XP level 23. HP: 148/220 MP: 30/30
 61350 | Vaults:5 | Got the Atlas of Dislocation and Earth
 61376 | Vaults:5 | Identified the staff of poison "Obbaschy" {rPois rF+}
 61538 | Vaults:5 | Identified the +10 trident of Disharmony {heavy, Fly Dex+4}
 61732 | Vaults:5 | Identified the amulet "Getozun" {Acrobat Rampage}
 61837 | Vaults:5 | Got Tedghegg's Guide on the Different Jinx
 61848 | Vaults:5 | Got a silver rune of Zot
 61934 | Vaults:5 | Identified the +7 falchion "Xutieh" {heavy, rC+ Dex+3}
 62579 | Zot:1    | Entered Level 1 of the Realm of Zot
 62944 | Zot:1    | Found a transporter.
 62952 | Zot:1    | Noticed Cuhe's ghost (adept MeEE)
 62979 | Zot:1    | Found a transporter.
 63431 | Zot:1    | Killed Cuhe's ghost
 63593 | Zot:1    | Reached XP level 24. HP: 228/228 MP: 17/30
 63598 | Zot:1    | Identified the ring "Hush" {rCorr Str+3 Dex+4 Slay+4}
 63610 | Zot:1    | Identified the +7 long sword "Jellyslayer" {venom, rElec
                  | Will- Int+8 Dex+9}
 64456 | D:5      | Bought a scroll of magic mapping for 82 gold pieces
 64558 | D:1      | Bought a potion of ambrosia for 112 gold pieces
 64558 | D:1      | Bought 2 potions of ambrosia for 224 gold pieces
 64831 | Snake:4  | Bought 2 potions of berserk rage for 150 gold pieces
 64831 | Snake:4  | Bought a potion of ambrosia for 120 gold pieces
 64959 | D:7      | Bought a scroll of magic mapping for 255 gold pieces
 64959 | D:7      | Bought 2 potions of curing for 204 gold pieces
 65632 | Zot:2    | You fall into a shaft and drop 1 floor!
 66127 | Zot:3    | Reached skill level 22 in Fighting
 66382 | Zot:3    | Noticed Vv
 66399 | Zot:3    | Killed Vv
 66928 | Zot:3    | Identified the ring "Vesag" {Ice rN+}
 66928 | Zot:3    | Noticed Josephina
 66940 | Zot:3    | Killed Josephina
 66941 | Zot:3    | Reached XP level 25. HP: 213/240 MP: 30/30
 67544 | Zot:4    | Reached skill level 23 in Fighting
 68760 | Zot:5    | Entered Level 5 of the Realm of Zot
 68767 | Zot:5    | Reached skill level 24 in Fighting
 69154 | Zot:5    | Noticed an ancient lich
 69163 | Zot:5    | Noticed an orb of fire
 69170 | Zot:5    | Killed an ancient lich
 69172 | Zot:5    | Gained mutation: You sometimes lose your temper in combat.
                  | [an orb of fire]
 69180 | Zot:5    | Killed an orb of fire
 69327 | Zot:5    | Noticed an orb of fire
 69335 | Zot:5    | Gained mutation: You are weak. (Str -2) [an orb of fire]
 69340 | Zot:5    | Gained mutation: You have an uncontrollable temper. [an orb
                  | of fire]
 69340 | Zot:5    | Noticed a dread lich
 69346 | Zot:5    | Gained mutation: You are frail. (-10% HP) [an orb of fire]
 69349 | Zot:5    | Killed an orb of fire
 69355 | Zot:5    | Killed a dread lich
 69663 | Zot:5    | Reached skill level 25 in Fighting
 69666 | Zot:5    | Noticed a dread lich
 69672 | Zot:5    | Killed a dread lich
 69949 | Zot:5    | Noticed a dread lich
 69952 | Zot:5    | Noticed a dread lich
 69954 | Zot:5    | Killed a dread lich
 69966 | Zot:5    | Killed a dread lich
 69967 | Zot:5    | Noticed an orb of fire
 69985 | Zot:5    | Lost mutation: You have an uncontrollable temper. [an orb
                  | of fire]
 69997 | Zot:5    | Gained mutation: Your body sometimes deteriorates upon
                  | taking damage. [an orb of fire]
 69999 | Zot:5    | Killed an orb of fire
 70018 | Zot:5    | Reached skill level 26 in Fighting
 70020 | Zot:5    | Noticed an ancient lich
 70027 | Zot:5    | Killed an ancient lich
 70028 | Zot:5    | Reached XP level 26. HP: 186/234 MP: 30/30
 70396 | Zot:5    | Lost mutation: You sometimes lose your temper in combat.
                  | [potion of mutation]
 70396 | Zot:5    | Lost mutation: Your body sometimes deteriorates upon taking
                  | damage. [potion of mutation]
 70421 | Zot:5    | Got the Orb of Zot
 70490 | Zot:4    | Noticed Hoely the pandemonium lord
 70828 | D:7      | Noticed Nuget the pandemonium lord
 70947 | D:$      | Escaped with the Orb!

Illustrated notes

Levels and vault maps discovered:
D:1:      saegor_arrival_fortress, layout_basic, serial_shops,
          nicolae_shop_peninsula
D:2:      layout_loops_corners
D:3:      layout_basic, amcnicky_altar_gilded, gammafunk_ghost_abyssal_escape,
          minmay_misc_feat_plants, corexii_item_surrounded_by_moat, uniq_ijyb
D:4:      layout_gridville, lemuel_crystal_altar, uniq_robin
D:5:      layout_loops_ring, serial_shops, shop, nicolae_shop_behind_doors,
          shop, uniq_menkaure, uniq_eustachio, uniq_crazy_yiuf_cottage,
          uniq_edmund
D:6:      layout_layer_cave, gammafunk_ghost_split, uniq_grinder, uniq_maggie,
          uniq_prince_ribbit1
D:7:      layout_basic, minmay_temple_entry_trees, serial_shops,
          kennysheep_mini_moat, uniq_joseph
D:8:      layout_gridville, dpeg_lair_monsters
D:9:      layout_long_grid, nicolae_blasting_shop, uniq_maurice, uniq_harold
D:10:     layout_irregular_city, mainiacjoe_overflow_alcove_1,
          chequers_temple_overflow_statue_of_worship
D:11:     layout_loops_ring, orc_0_dummy, uniq_fannar
D:12:     layout_roguey, nicolae_trove_entry_diagonal
D:13:     layout_roguey, erik_vaults_2
D:14:     layout_basic, lemuel_crystal_altar, nzn_ghost_randoct
D:15:     hangedman_depths_entry_try_elsewhere_first, layout_irregular_city,
          serial_glass, glass_columns_a, glass_columns_a,
          hangedman_abyss_or_decor_passed, kb_rosetta
Lair:1:   layout_hall_layers, lemuel_fruit_fields
Lair:2:   layout_cave_pods, elwin_shoals_entry_stream,
          guppyfry_snake_entry_island
Lair:3:   layout_gridlike, uniq_amaemon, uniq_kirke, uniq_nessos
Lair:4:   layout_cave_pods, nicolae_slime_entry_slimehenge, basic_altar,
          lemuel_old_faithful, infiniplex_staircase_pool, grunt_megastairs_2,
          uniq_snorg
Lair:5:   hangedman_lair_tendril_chambers, layout_regular_city,
          nicolae_quartered_pool_little
Shoals:1: layout_shoals, serial_shops, nicolae_take_the_stairs
Shoals:2: layout_shoals, nicolae_shoals_gull_way, uniq_ilsuiw, uniq_polyphemus
Shoals:3: layout_shoals
Shoals:4: shoals_end_hellmonk_storm_palace [storm_palace_center_circular,
          storm_palace_corner_grid, storm_palace_corner_altar,
          storm_palace_corner_altar, storm_palace_corner_blocked],
          uniq_mlioglotl
Snake:1:  layout_misc_corridors, grunt_megastairs_3
Snake:2:  layout_cave_town, grunt_megastairs_4, minmay_shop_star
Snake:3:  layout_gridlike, basic_altar
Snake:4:  minmay_snake_end_coiled, layout_cave_town, serial_shops, shop,
          uniq_vashnia
Orc:1:    layout_caves
Orc:2:    st_orc_town, layout_diamond_mine, minmay_orc_temple_c
Elf:1:    layout_loops_cross, serial_shops, statue_bzr, shop, shop, shop,
          minivault_28, uniq_frances
Elf:2:    nicolae_elf_blades_crystal_corner, layout_gridlike,
          roderic_roman_lattice
Elf:3:    minmay_elf_hall_hex, layout_loops_cross
Vaults:1: nicolae_vaults_specimen_jars, nicolae_vaults_little_squares_4,
          nicolae_vaults_tetromino_L_1, ontoclasm_vaults_idyll,
          nicolae_vaults_tetromino_L_2, hangedman_vaults_maws,
          vaults_room_door_ring, ontoclasm_vaults_chip,
          nicolae_vaults_network_quincunx
          [nicolae_vaults_network_quincunx_subvault,
          nicolae_vaults_network_quincunx_subvault,
          nicolae_vaults_network_quincunx_subvault,
          nicolae_vaults_network_quincunx_subvault,
          nicolae_vaults_network_quincunx_subvault],
          nicolae_vaults_closet_pinwheel_5, hangedman_vaults_stitches,
          v_misc_11, layout_vaults_maze, serial_shops,
          nicolae_shop_pleasant_corner_grove, uniq_nikola
Vaults:2: nicolae_vaults_weapon_check, nicolae_vaults_hallways_thing,
          nicolae_vaults_offset_grid_hallway_2, ontoclasm_vaults_twist,
          nicolae_vaults_network_star, nicolae_vaults_ring_of_whatevers,
          dpeg_vaults_monster_row, ontoclasm_vaults_gateway, v_misc_25,
          v_misc_14, ontoclasm_vaults_idyll, grunt_vaults_twisty,
          hangedman_vaults_maws, layout_vaults_ring, serial_shops, shop
Vaults:3: ebering_ghost_gozag, nicolae_vaults_swerve, nicolae_vaults_six-pack,
          st_lines, nicolae_vaults_tetromino_L_2, blue_anna_dwarven_crypt,
          grunt_vaults_diagonal, nicolae_vaults_rhombus_6, vaults_room_pools,
          v_misc_26, nicolae_vaults_double_plus_1, v_misc_10,
          nicolae_vaults_diamond_1, vaults_dpeg_hooks, layout_vaults_omnicross
Vaults:4: nicolae_vaults_doubleplus_tesselated, st_cross, v_misc_15,
          nicolae_vaults_yaktaur_gun_rack, v_misc_2,
          nicolae_vaults_double_plus_1, hangedman_vaults_stretched_pinwheel,
          v_misc_27, nicolae_vaults_little_squares_5,
          vaults_room_grunt_arrival_ludios, nicolae_vaults_surprise_closet,
          layout_vaults_omnigrid, uniq_mara, uniq_mennas
Vaults:5: serial_shops, uniq_sojobo
Crypt:1:  layout_rooms, basic_altar
Crypt:2:  layout_rooms, grunt_ministairs_15, minmay_misc_feat_cross,
          item_on_display_a
Crypt:3:  lightli_unholy_cathedral, layout_chaotic_city,
          nicolae_tomb_entry_unfolded_pyramid_orthogonal
Depths:1: layout_basic, enter_ziggurat_f, serial_bayou_shore_a,
          abyss_entry_crystal, hangedman_coc_ice_floe, led_xom_imps,
          roderic_lattice_octagonal_star
Depths:2: grunt_forest_end_winery, layout_gridlike, pan_entry,
          nicolae_ru_the_path_less_chosen, pf_hell_entry_great_geh,
          serial_bayou_pond_d, uniq_aizul
Depths:3: minmay_the_grid_square_5x5_5x5_mashed
          [minmay_the_grid_square_5x5_bridge,
          minmay_the_grid_square_5x5_checkered_statues,
          minmay_the_grid_square_5x5_mess,
          minmay_the_grid_square_5x5_three_small,
          minmay_the_grid_square_5x5_minibox,
          minmay_the_grid_square_5x5_hourglass,
          minmay_the_grid_square_5x5_prize_open,
          minmay_the_grid_square_5x5_inverted_slash,
          minmay_the_grid_square_5x5_prize_gold, minmay_the_grid_square_5x5_two,
          minmay_the_grid_square_5x5_beaten_path,
          minmay_the_grid_square_5x5_inner_i,
          minmay_the_grid_square_5x5_prize_waves,
          minmay_the_grid_square_5x5_intrusive_squares,
          minmay_the_grid_square_5x5_two_walls_b,
          minmay_the_grid_square_5x5_seven,
          minmay_the_grid_square_5x5_prize_deathbox,
          minmay_the_grid_square_5x5_meh, minmay_the_grid_square_5x5_prize_junk,
          minmay_the_grid_square_5x5_tie,
          minmay_the_grid_square_5x5_pentomino_r,
          minmay_the_grid_square_5x5_almost_minimal,
          minmay_the_grid_square_5x5_bracketed,
          minmay_the_grid_square_5x5_percent,
          minmay_the_grid_square_5x5_inner_z], layout_cave_pools,
          chequers_serial_rivers_room_a, serial_shops, freezing_bzr, shop,
          nicolae_shop_waterfront, minmay_room_of_horrors, hell_entry,
          uniq_grunn, uniq_xtahua
Depths:4: grunt_zot_entry_tricorne, layout_cave_shapes, grunt_mini_vestibule,
          kennysheep_doodads
Zot:1:    kennysheep_ambush_hall, layout_gridlike, gammafunk_ghost_arena
Zot:2:    kennysheep_spiral_hall, layout_onion_interference
Zot:3:    layout_basic, uniq_vv, uniq_josephina
Zot:4:    lemuel_halls_of_wrath, layout_cathedral_of_symmetry
Zot:5:    layout_misc_corridors

Skill      XL: |  1  2  3  4  5  6  7  8  9 10 11 12 13 14 15 16 17 18 19 20 21 22 23 24 25 |
---------------+----------------------------------------------------------------------------+-----
Polearms       | 1 2 3 4 5 6 |  6.0
Fighting       | 1 3 5 9 10 11 15 19 21 22 26 | 26.4
Armour         | 1 5 10 16 | 16.0
Long Blades    | 1 5 8 10 11 13 14 16 19 22 | 22.1
Dodging        | 5 6 10 11 15 16 17 19 20 | 20.0
Shields        | 4 5 10 11 15 20 21 | 21.0
Evocations     | 5 |  5.0
Unarmed Combat | |  2.6
Spellcasting   | |  1.7
Transmutations | |  1.7

Action                     |  1- 3 |  4- 6 |  7- 9 | 10-12 | 13-15 | 16-18 | 19-21 | 22-24 | 25-27 || total
---------------------------+-------+-------+-------+-------+-------+-------+-------+-------+-------++-------
  Melee: Spear             |   117 |   156 |       |       |       |       |       |       |       ||   273
         Kick              |     5 |    16 |       |       |       |       |       |       |       ||    21
         Headbutt          |     4 |    11 |       |       |       |       |       |       |       ||    15
         Punch             |     1 |     8 |    11 |     2 |       |       |       |       |       ||    22
         Unarmed           |       |    13 |       |    27 |       |       |       |       |       ||    40
         Demon blade       |       |    11 |   233 |   613 |  1477 |  1746 |       |       |       ||  4080
         Eudemon blade     |       |       |       |       |       |    40 |  2391 |  1500 |   693 ||  4624
   Cast: Beastly Appendage |    12 |    15 |       |       |       |       |       |       |       ||    27
  Evoke: Wand              |       |     2 |       |       |    13 |     8 |     2 |     1 |       ||    26
         Phantom mirror    |       |       |       |       |     4 |     3 |     1 |       |       ||     8
         Lightning rod     |       |       |       |       |       |       |       |     4 |       ||     4
    Use: Scroll            |     3 |     6 |     5 |     7 |    12 |     7 |     7 |    15 |     6 ||    68
         Potion            |     1 |     4 |     2 |     2 |     4 |     9 |     5 |     4 |     8 ||    39
   Stab: Sleeping          |     3 |       |       |     2 |     3 |    10 |     6 |     2 |       ||    26
         Distracted        |     1 |       |       |     1 |     1 |     3 |       |     1 |     1 ||     8
         Invisible         |       |       |     2 |     2 |       |     2 |       |    29 |       ||    35
 Armour: Robe              |     4 |       |       |       |       |       |       |       |       ||     4
         Leather armour    |     3 |       |    46 |    12 |       |       |       |       |       ||    61
         Ring mail         |     6 |    38 |     4 |       |       |       |       |       |       ||    48
         Skin              |       |     5 |     7 |     1 |       |       |       |       |       ||    13
         Acid dragon scale |       |       |       |   102 |   179 |   168 |   190 |     5 |       ||   644
         Ice dragon scales |       |       |       |       |       |       |       |   160 |    69 ||   229
  Dodge: Dodged            |    51 |    66 |    89 |   296 |   718 |   907 |  1365 |   905 |   375 ||  4772
  Block: Kite shield       |       |       |       |   224 |   890 |   985 |  1041 |       |       ||  3140
         Reflection        |       |       |       |       |     1 |       |       |       |       ||     1
         Tower shield      |       |       |       |       |       |       |   638 |  1510 |   649 ||  2797
